[Event "2nd Serbian League-Vojvodina 2023"]
[Site "Novi Sad"]
[Date "2023.11.04"]
[Round "4.4"]
[White "Kovacevic, Sinisa"]
[Black "Levitan, Judah Nathan"]
[Result "1/2-1/2"]
[ECO "D38"]
[WhiteElo "2240"]
[BlackElo "1937"]
[Annotator "ChessBase"]
[PlyCount "58"]
[EventDate "2023.10.22"]
[EventType "team-tourn"]
[EventCountry "SRB"]
[SourceTitle "playchess.com"]
[Source "ChessBase"]
[SourceQuality "1"]
[TimeControl "40/5400+30:1800+30"]

1. d4 Nf6 2. c4 e6 3. Nf3 d5 4. Nc3 Bb4 5. cxd5 exd5 6. Bg5 c6 7. Qb3 Be7 8. e3 Qb6 9. Qc2 O-O 10. Bd3 h6 11. Bh4 Be6 12. O-O Nbd7 13. Ne5 Bd6 14. f4 Ng4 15. Nxg4 Bxg4 16. h3 Bh5 17. g4 Bg6 18. Bxg6 fxg6 19. Qxg6 Bc7 20. Rf2 Rae8 21. Re1 c5 22. Qxb6 Bxb6 23. Nxd5 cxd4 24. e4 Nc5 25. Nxb6 axb6 26. Rd2 Rxf4 27. Rxd4 Rfxe4 28. Rexe4 Rxe4 29. Rd6 Re6 1/2-1/2

[Event "2nd Serbian League-Vojvodina 2023"]
[Site "Novi Sad"]
[Date "2023.11.04"]
[Round "4.5"]
[White "Molnar Gabor, Roland"]
[Black "Parezanin, Darko"]
[Result "0-1"]
[ECO "B07"]
[WhiteElo "2041"]
[BlackElo "2192"]
[Annotator "ChessBase"]
[PlyCount "78"]
[EventDate "2023.10.22"]
[EventType "team-tourn"]
[EventCountry "SRB"]
[SourceTitle "playchess.com"]
[Source "ChessBase"]
[SourceQuality "1"]
[TimeControl "40/5400+30:1800+30"]

1. e4 d6 2. d4 Nf6 3. Nc3 g6 4. Be3 Bg7 5. Qd2 c6 6. Bh6 Bxh6 7. Qxh6 Qa5 8. Bd3 b5 9. h3 b4 10. Nce2 b3+ 11. Nc3 bxc2 12. Nge2 Na6 13. O-O Nb4 14. Bc4 Ba6 15. Qg7 Rf8 16. Bxa6 Qxa6 17. e5 dxe5 18. dxe5 Nfd5 19. Rac1 Qd3 20. a3 Nxc3 21. Nxc3 Nd5 22. Rfe1 Nxc3 23. bxc3 Qd2 24. Qxh7 O-O-O 25. Qh4 Rd3 26. Qxe7 Rfd8 27. Qxf7 Qxe1+ 28. Rxe1 Rd1 29. Qe6+ Kc7 30. Qe7+ R8d7 31. Qc5 Rxe1+ 32. Kh2 c1=Q 33. Qxa7+ Kd8 34. Qb8+ Ke7 35. Qb4+ Kf7 36. Qg4 Rd3 37. e6+ Kg7 38. f3 Qxc3 39. f4 Qd4 0-1

[Event "2nd Serbian League-Vojvodina 2023"]
[Site "Novi Sad"]
[Date "2023.11.04"]
[Round "4.6"]
[White "Krejic, Igor"]
[Black "Vranic, Ljubomir"]
[Result "1/2-1/2"]
[ECO "B13"]
[WhiteElo "2128"]
[BlackElo "2090"]
[Annotator "ChessBase"]
[PlyCount "126"]
[EventDate "2023.10.22"]
[EventType "team-tourn"]
[EventCountry "SRB"]
[SourceTitle "playchess.com"]
[Source "ChessBase"]
[SourceQuality "1"]
[TimeControl "40/5400+30:1800+30"]

1. e4 c6 2. d4 d5 3. exd5 cxd5 4. c4 Nf6 5. Nc3 Nc6 6. Nf3 Bg4 7. cxd5 Nxd5 8. Be2 e6 9. O-O Be7 10. Bb5 Rc8 11. h3 Bh5 12. Qd3 Ndb4 13. Qe2 O-O 14. Be3 a6 15. Bxc6 Nxc6 16. Rfd1 Nb4 17. g4 Bg6 18. Ne5 Nd5 19. Rac1 Qa5 20. Qf3 Nxc3 21. Rxc3 Rxc3 22. bxc3 Qd5 23. c4 Qxf3 24. Nxf3 Rc8 25. Ne5 Bc2 26. Rc1 Ba4 27. c5 f6 28. Nc4 Bc6 29. Na5 Bd5 30. a3 Kf7 31. Nc4 Bxc4 32. Rxc4 Ke8 33. Rb4 Rc7 34. f4 g6 35. Kf2 f5 36. Ke2 Bd8 37. Kd3 Rd7 38. Kc4 fxg4 39. hxg4 h5 40. Rb2 Rh7 41. Rh2 Kd7 42. Kd3 Kc6 43. Ke4 Bc7 44. Bc1 Kb5 45. Rg2 h4 46. Rh2 h3 47. g5 Kc6 48. Be3 Rh5 49. Bg1 Rh4 50. Be3 Rh8 51. Bf2 Rh7 52. Bg3 Bb8 53. Rb2 Bc7 54. Bh2 Rh4 55. Kf3 Rh7 56. Ke4 Rh4 57. Kf3 b5 58. cxb6 Bxb6 59. Bg3 Rh8 60. Ke4 Rd8 61. Rc2+ Kb5 62. Rb2+ Kc6 63. Rc2+ Kb5 1/2-1/2

[Event "2nd Serbian League-Vojvodina 2023"]
[Site "Novi Sad"]
[Date "2023.11.04"]
[Round "4.7"]
[White "Agdelen, Huseyin Can"]
[Black "Mezentsev, Ivan"]
[Result "1/2-1/2"]
[ECO "B75"]
[WhiteElo "2401"]
[BlackElo "2360"]
[Annotator "ChessBase"]
[PlyCount "31"]
[EventDate "2023.10.22"]
[EventType "team-tourn"]
[EventCountry "SRB"]
[SourceTitle "playchess.com"]
[Source "ChessBase"]
[SourceQuality "1"]
[TimeControl "40/5400+30:1800+30"]

1. e4 c5 2. Nf3 d6 3. d4 cxd4 4. Nxd4 Nf6 5. Nc3 g6 6. Be3 Bg7 7. f3 a6 8. Qd2 h5 9. Be2 Nbd7 10. O-O O-O 11. Nd5 e5 12. Nb3 Nxd5 13. exd5 f5 14. Qb4 f4 15. Bf2 Nf6 16. c4 1/2-1/2

[Event "2nd Serbian League-Vojvodina 2023"]
[Site "Novi Sad"]
[Date "2023.11.04"]
[Round "4.9"]
[White "Grujic, Zoran"]
[Black "Jotic, Vladimir"]
[Result "1/2-1/2"]
[ECO "B38"]
[WhiteElo "2315"]
[BlackElo "2280"]
[Annotator "ChessBase"]
[PlyCount "99"]
[EventDate "2023.10.22"]
[EventType "team-tourn"]
[EventCountry "SRB"]
[SourceTitle "playchess.com"]
[Source "ChessBase"]
[SourceQuality "1"]
[TimeControl "40/5400+30:1800+30"]

1. Nf3 c5 2. c4 Nc6 3. d4 cxd4 4. Nxd4 g6 5. e4 Bg7 6. Be3 Nf6 7. Nc3 O-O 8. f3 d6 9. Qd2 Bd7 10. Be2 Nxd4 11. Bxd4 a5 12. b3 Bc6 13. Rc1 Nd7 14. Be3 Nc5 15. O-O Qb6 16. Rc2 a4 17. b4 Qxb4 18. Nd5 Qxd2 19. Nxe7+ Kh8 20. Rxd2 Rfd8 21. Rfd1 Ne6 22. Nxc6 bxc6 23. Rxd6 Rxd6 24. Rxd6 c5 25. Rb6 a3 26. Kf2 Bd4 27. g3 Ra4 28. f4 Rb4 29. Ra6 Bb2 30. f5 Nd4 31. Bh6 Rb8 32. Bd3 Rc8 33. Rb6 Nc6 34. Bd2 Ne5 35. Be2 Re8 36. Rb3 Ra8 37. Bc3 Bxc3 38. Rxc3 Nc6 39. Bd1 Kg7 40. fxg6 fxg6 41. Ke3 Kf6 42. h4 Nb4 43. Bb3 Ke5 44. Kd2 Rf8 45. Ke3 Rf1 46. Ba4 Re1+ 47. Kd2 Rxe4 48. Rxa3 Rxc4 49. Re3+ Kd6 50. Bb3 1/2-1/2

[Event "2nd Serbian League-Vojvodina 2023"]
[Site "Novi Sad"]
[Date "2023.11.04"]
[Round "4.10"]
[White "Mikheev, Stanislav"]
[Black "Dragojlovic, Andjelko"]
[Result "0-1"]
[ECO "D79"]
[WhiteElo "2288"]
[BlackElo "2108"]
[Annotator "ChessBase"]
[PlyCount "90"]
[EventDate "2023.10.22"]
[EventType "team-tourn"]
[EventCountry "SRB"]
[SourceTitle "playchess.com"]
[Source "ChessBase"]
[SourceQuality "1"]
[TimeControl "40/5400+30:1800+30"]

1. d4 Nf6 2. c4 g6 3. g3 c6 4. Bg2 d5 5. cxd5 cxd5 6. Nf3 Bg7 7. Nc3 O-O 8. Ne5 Nc6 9. O-O e6 10. f4 Bd7 11. Kh1 Qe7 12. e3 Rfd8 13. b3 Rac8 14. Bb2 Be8 15. Nd3 Bf8 16. a4 b6 17. Ba3 Qb7 18. Bxf8 Kxf8 19. Rc1 Ne7 20. g4 Rc7 21. Rf2 Rxc3 22. Rxc3 Ne4 23. Bxe4 dxe4 24. Nb4 a5 25. Nc2 Nd5 26. Rc4 b5 27. axb5 Bxb5 28. f5 exf5 29. gxf5 Bxc4 30. bxc4 Ne7 31. fxg6 hxg6 32. Qa1 Qc7 33. Qa4 Rb8 34. Na3 Rb4 35. Qc2 Nf5 36. c5 Nxe3 37. Qxe4 Nf5 38. Rd2 a4 39. c6 Qd6 40. Rc2 Rxd4 41. Qe2 Rd1+ 42. Kg2 Qd5+ 43. Kf2 Qd4+ 44. Kf3 Rd3+ 45. Kg2 Ne3+ 0-1

[Event "2nd Serbian League-Vojvodina 2023"]
[Site "Novi Sad"]
[Date "2023.11.04"]
[Round "4.11"]
[White "Ilincic, Aleksa"]
[Black "Bulajic, Ratko"]
[Result "1-0"]
[ECO "B22"]
[WhiteElo "2235"]
[BlackElo "2075"]
[Annotator "ChessBase"]
[PlyCount "101"]
[EventDate "2023.10.22"]
[EventType "team-tourn"]
[EventCountry "SRB"]
[SourceTitle "playchess.com"]
[Source "ChessBase"]
[SourceQuality "1"]
[TimeControl "40/5400+30:1800+30"]

1. e4 c5 2. c3 d6 3. d4 Nf6 4. dxc5 Nc6 5. Qd3 dxc5 6. Qxd8+ Nxd8 7. f3 Nc6 8. Be3 b6 9. a4 Bb7 10. Na3 Nd7 11. Nc4 Nde5 12. Nxe5 Nxe5 13. a5 O-O-O 14. Rd1 Rxd1+ 15. Kxd1 e6 16. Kc2 Be7 17. Nh3 h6 18. Nf2 g5 19. axb6 axb6 20. Bb5 Bd6 21. h4 Rg8 22. hxg5 hxg5 23. Rh7 Bc7 24. Nd3 Nxd3 25. Kxd3 Rd8+ 26. Ke2 f6 27. Rf7 Be5 28. Bc4 Re8 29. Bb5 Rd8 30. Re7 Rd6 31. Bc4 Bc6 32. Rxe6 Kd7 33. Rxd6+ Kxd6 34. Kf2 Bf4 35. g3 Bxe3+ 36. Kxe3 Ke5 37. f4+ gxf4+ 38. gxf4+ Kd6 39. Bd3 Be8 40. Kf3 Bh5+ 41. Kg3 Bd1 42. Kf2 Bh5 43. Be2 Bg6 44. Bf3 Be8 45. Kg3 Ke6 46. Kh4 Bc6 47. Kh5 Kf7 48. Kh6 f5 49. Bh5+ Ke6 50. e5 Be4 51. Kh7 1-0

[Event "2nd Serbian League-Vojvodina 2023"]
[Site "Novi Sad"]
[Date "2023.11.04"]
[Round "4.13"]
[White "Horvath, Zsolt"]
[Black "Georgiev, Krum"]
[Result "0-1"]
[ECO "A45"]
[WhiteElo "2377"]
[BlackElo "2294"]
[Annotator "ChessBase"]
[PlyCount "116"]
[EventDate "2023.10.22"]
[EventType "team-tourn"]
[EventCountry "SRB"]
[SourceTitle "playchess.com"]
[Source "ChessBase"]
[SourceQuality "1"]
[TimeControl "40/5400+30:1800+30"]

1. d4 Nf6 2. Bf4 c5 3. d5 Qb6 4. Nc3 a6 5. a4 d6 6. a5 Qd8 7. e4 e5 8. Bd2 Nbd7 9. Nf3 g6 10. Be2 Bg7 11. O-O O-O 12. Qc1 Kh8 13. Ra3 Rb8 14. Re1 Qe7 15. Bg5 Qd8 16. Nd2 Qc7 17. Nc4 Ng8 18. Be3 f5 19. f3 f4 20. Bf2 h5 21. Na4 g5 22. c3 g4 23. b4 g3 24. hxg3 fxg3 25. Bxg3 Bh6 26. Qd1 Ngf6 27. Bf1 Rg8 28. Bh2 h4 29. Ra2 cxb4 30. cxb4 Nf8 31. Rc2 Qe7 32. Nab6 Ng6 33. Ne3 Bxe3+ 34. Rxe3 Nf4 35. Bxf4 exf4 36. Rec3 Bh3 37. Qd4 Qg7 38. Rc7 Qg5 39. Rf7 Rg6 40. Nd7 Bxd7 41. Rxd7 h3 42. Rxd6 Re8 43. Re6 Rd8 44. Qe5 Qh4 45. Rxf6 Rxf6 46. Rf2 Rg8 47. d6 Kh7 48. Re2 Rh6 49. Qe7+ Qxe7 50. dxe7 Re6 51. e5 hxg2 52. Bxg2 Rg5 53. Re4 Rxe7 54. Kf2 Rgxe5 55. Rxf4 Re2+ 56. Kg3 Rg7+ 57. Rg4 Rb2 58. Rxg7+ Kxg7 0-1

[Event "2nd Serbian League-Vojvodina 2023"]
[Site "Novi Sad"]
[Date "2023.11.04"]
[Round "4.14"]
[White "Indjic, Dusan"]
[Black "Farkas, Sandor I"]
[Result "1-0"]
[ECO "E74"]
[WhiteElo "2304"]
[BlackElo "2112"]
[Annotator "ChessBase"]
[PlyCount "141"]
[EventDate "2023.10.22"]
[EventType "team-tourn"]
[EventCountry "SRB"]
[SourceTitle "playchess.com"]
[Source "ChessBase"]
[SourceQuality "1"]
[TimeControl "40/5400+30:1800+30"]

1. d4 Nf6 2. c4 g6 3. Nc3 Bg7 4. e4 d6 5. Be2 O-O 6. Bg5 c5 7. d5 h6 8. Bf4 a6 9. Qc1 Kh7 10. Nf3 b5 11. cxb5 axb5 12. Bxb5 Nxe4 13. Nxe4 Qa5+ 14. Nc3 Bxc3+ 15. bxc3 Qxb5 16. c4 Qb4+ 17. Bd2 Qa3 18. Bxh6 Qxc1+ 19. Bxc1 Ra4 20. Nd2 Ba6 21. O-O Nd7 22. Re1 Ne5 23. f4 Nxc4 24. Rxe7 Nb6 25. Re4 Bd3 26. Rxa4 Nxa4 27. Nf1 Ra8 28. Ne3 Nc3 29. Bb2 Ne2+ 30. Kf2 c4 31. Nd1 Nxf4 32. Nc3 Bf5 33. Bc1 Nd3+ 34. Ke3 Nc5 35. Bb2 Nd3 36. Bc1 Ne1 37. Kf2 Re8 38. a4 Nd3+ 39. Kf3 Ra8 40. Ba3 Ra6 41. Ke3 Bd7 42. Kd4 Ne5 43. Bxd6 Nd3 44. Be7 Nb2 45. a5 Kg7 46. Bc5 f6 47. Re1 Bf5 48. Re7+ Kh6 49. Ra7 Rxa7 50. Bxa7 Bd7 51. Bc5 Nd3 52. a6 Bc8 53. a7 Bb7 54. Kxc4 Ne5+ 55. Kb5 Nd7 56. Be3+ g5 57. Kc4 f5 58. Na4 f4 59. Bd4 Kg6 60. Nb6 Nxb6+ 61. Bxb6 Kf7 62. Kc5 Ke7 63. Bc7 Kd7 64. Be5 Ke7 65. h4 f3 66. gxf3 gxh4 67. Bh2 h3 68. f4 Ba8 69. f5 Kf6 70. d6 Kf7 71. Kb6 1-0

[Event "2nd Serbian League-Vojvodina 2023"]
[Site "Novi Sad"]
[Date "2023.11.04"]
[Round "4.15"]
[White "Szalai, Kornel"]
[Black "Mijatovic, Dusan"]
[Result "1-0"]
[ECO "A09"]
[WhiteElo "2383"]
[BlackElo "2139"]
[Annotator "ChessBase"]
[PlyCount "63"]
[EventDate "2023.10.22"]
[EventType "team-tourn"]
[EventCountry "SRB"]
[SourceTitle "playchess.com"]
[Source "ChessBase"]
[SourceQuality "1"]
[TimeControl "40/5400+30:1800+30"]

1. Nf3 d5 2. c4 d4 3. b4 g5 4. Qa4+ c6 5. Bb2 Bg7 6. Qa5 Qxa5 7. bxa5 c5 8. Nxg5 Nc6 9. d3 Nxa5 10. g3 Bd7 11. Nd2 Bc6 12. Ngf3 O-O-O 13. Nb3 Nxb3 14. axb3 Kb8 15. Ba3 b6 16. b4 cxb4 17. Bxb4 e5 18. Bg2 Nh6 19. O-O f6 20. Rfb1 Kb7 21. Nd2 Bxg2 22. Kxg2 Bf8 23. Bxf8 Rhxf8 24. c5 Rde8 25. Nc4 Re6 26. Rb2 Rb8 27. Rba2 Ra8 28. cxb6 a6 29. Ra5 Nf7 30. Rc5 Re7 31. Rb1 Kb8 32. Na5 1-0

[Event "2nd Serbian League-Vojvodina 2023"]
[Site "Novi Sad"]
[Date "2023.11.04"]
[Round "4.16"]
[White "Mijatovic, Dejan"]
[Black "Nadj Hedjesi, Balind"]
[Result "0-1"]
[ECO "D02"]
[WhiteElo "2185"]
[BlackElo "2227"]
[Annotator "ChessBase"]
[PlyCount "76"]
[EventDate "2023.10.22"]
[EventType "team-tourn"]
[EventCountry "SRB"]
[SourceTitle "playchess.com"]
[Source "ChessBase"]
[SourceQuality "1"]
[TimeControl "40/5400+30:1800+30"]

1. d4 Nf6 2. Nf3 e6 3. Bf4 c5 4. e3 b6 5. Nbd2 Bb7 6. c3 Be7 7. h3 Nc6 8. Be2 O-O 9. O-O d5 10. Bh2 Qc8 11. Qb1 Ba6 12. Bxa6 Qxa6 13. Re1 Rfd8 14. Ne5 Nxe5 15. Bxe5 Rac8 16. Bh2 Rc6 17. a4 Rdc8 18. Nf3 Nd7 19. e4 dxe4 20. Qxe4 Nf6 21. Qe2 Qxe2 22. Rxe2 Rd8 23. Kf1 h6 24. Ke1 Rcc8 25. Bf4 Nd5 26. Be3 Bf6 27. a5 b5 28. dxc5 Nxc3 29. Rc2 Nd5 30. Rd1 a6 31. Nd4 Nb4 32. Rc3 Rd5 33. c6 Bxd4 34. Rxd4 Rxd4 35. Bxd4 Rxc6 36. Rxc6 Nxc6 37. Bc3 e5 38. Ke2 f6 0-1

[Event "2nd Serbian League-Vojvodina 2023"]
[Site "Novi Sad"]
[Date "2023.11.04"]
[Round "4.17"]
[White "Juhasz, Bence R"]
[Black "Rosic, Slavko S"]
[Result "1-0"]
[ECO "B12"]
[WhiteElo "2210"]
[BlackElo "2212"]
[Annotator "ChessBase"]
[PlyCount "147"]
[EventDate "2023.10.22"]
[EventType "team-tourn"]
[EventCountry "SRB"]
[SourceTitle "playchess.com"]
[Source "ChessBase"]
[SourceQuality "1"]
[TimeControl "40/5400+30:1800+30"]

1. e4 c6 2. d4 d5 3. e5 h5 4. h3 Bf5 5. Nd2 e6 6. Nb3 Nd7 7. Nf3 Be7 8. Bd2 Nh6 9. Qc1 Qc7 10. Be2 Be4 11. O-O Bxf3 12. Bxf3 Nf5 13. c4 dxc4 14. Qxc4 Nb6 15. Qe2 g6 16. Rfd1 Nd5 17. Rac1 Qd8 18. Ba5 Qd7 19. Be4 Bg5 20. Rc2 Qe7 21. a3 b6 22. Be1 Qb7 23. a4 Nfe7 24. Nd2 Bxd2 25. Bxd2 Rc8 26. Bg5 Kd7 27. Rd3 Nf5 28. Rf3 Rh7 29. Rd2 Rc7 30. Qc4 h4 31. Rd1 Rh5 32. Bc1 a5 33. Rb3 Rh8 34. Bd2 Ra8 35. Bg5 Qa6 36. Qc1 Qe2 37. Bf3 Qa6 38. Rd2 Qb7 39. Be2 Nb4 40. Rf3 Re8 41. g4 hxg3 42. fxg3 Kc8 43. g4 Ng7 44. Qf1 Rh8 45. Bc4 Kb8 46. Rdf2 b5 47. Bb3 bxa4 48. Bxa4 Qb6 49. Rd2 Qa7 50. Kg2 Rhc8 51. Rc3 Ne8 52. Rc5 Rd7 53. Qc4 Rd5 54. Bd1 Rxc5 55. dxc5 Nd5 56. Rf2 Rc7 57. Ba4 Qb7 58. Kg3 Rd7 59. Bd2 Nb4 60. Bd1 Nd3 61. Rf3 Nxb2 62. Qc2 a4 63. Be2 Nc7 64. Bc1 Qb4 65. Kg2 Nb5 66. Bxb5 cxb5 67. c6 Rd5 68. Qxb2 Qe4 69. Kg3 Kc7 70. Be3 Kxc6 71. Qc3+ Qc4 72. Qa5 Rd7 73. Rf4 Qd3 74. Qb6+ 1-0

[Event "2nd Serbian League-Vojvodina 2023"]
[Site "Novi Sad"]
[Date "2023.11.04"]
[Round "4.18"]
[White "Bojkovic, Slobodan"]
[Black "Kecskemeti, Arpad"]
[Result "0-1"]
[ECO "B94"]
[WhiteElo "2031"]
[BlackElo "2185"]
[Annotator "ChessBase"]
[PlyCount "119"]
[EventDate "2023.10.22"]
[EventType "team-tourn"]
[EventCountry "SRB"]
[SourceTitle "playchess.com"]
[Source "ChessBase"]
[SourceQuality "1"]
[TimeControl "40/5400+30:1800+30"]

1. e4 c5 2. Nf3 d6 3. d4 cxd4 4. Nxd4 Nf6 5. Nc3 a6 6. Bg5 Nbd7 7. a4 Qc7 8. Qd2 h6 9. Be3 e6 10. Be2 Ne5 11. f3 Bd7 12. a5 Nc4 13. Bxc4 Qxc4 14. b3 Qc7 15. Na4 Bxa4 16. Rxa4 d5 17. Ne2 dxe4 18. Rc4 Qe5 19. Bd4 Qd5 20. Bxf6 Qxd2+ 21. Kxd2 exf3 22. gxf3 gxf6 23. Ke3 Bd6 24. f4 Ke7 25. b4 Rac8 26. Rxc8 Rxc8 27. c3 f5 28. Rf1 Kf6 29. Rf3 e5 30. fxe5+ Bxe5 31. Kd3 Kg5 32. h3 Rd8+ 33. Nd4 f4 34. Ke4 Bxd4 35. cxd4 Re8+ 36. Kd3 Kf5 37. Rf1 Re3+ 38. Kc4 f3 39. d5 Kf4 40. d6 Re8 41. Rd1 f2 42. d7 Rd8 43. Kc5 Ke3 44. Kd6 Ke2 45. Ra1 f1=Q 46. Rxf1 Kxf1 47. Ke7 Rxd7+ 48. Kxd7 f5 49. Kc7 f4 50. Kxb7 f3 51. Kxa6 f2 52. b5 Kg2 53. b6 f1=Q+ 54. Ka7 Qf7+ 55. b7 Qf2+ 56. Kb8 Qf8+ 57. Kc7 Qc5+ 58. Kd7 Qb5+ 59. Kc8 Qa6 60. Kb8 0-1

[Event "2nd Serbian League-Vojvodina 2023"]
[Site "Novi Sad"]
[Date "2023.11.04"]
[Round "4.19"]
[White "Samani, Yamac"]
[Black "Skvortsov, Andrei"]
[Result "0-1"]
[ECO "C00"]
[WhiteElo "2349"]
[BlackElo "2294"]
[Annotator "ChessBase"]
[PlyCount "94"]
[EventDate "2023.10.22"]
[EventType "team-tourn"]
[EventCountry "SRB"]
[SourceTitle "playchess.com"]
[Source "ChessBase"]
[SourceQuality "1"]
[TimeControl "40/5400+30:1800+30"]

1. e4 e6 2. Qe2 c5 3. Nf3 Nc6 4. g3 e5 5. Bg2 Nf6 6. O-O Be7 7. d3 h6 8. c3 O-O 9. Na3 Re8 10. Nc4 Bf8 11. Ne3 d5 12. Nh4 Be6 13. Qf3 d4 14. Nd5 Nh7 15. Nf5 dxc3 16. bxc3 Ng5 17. Qh5 f6 18. h4 Bf7 19. Qe2 Ne6 20. Rb1 Rb8 21. Qf3 Kh8 22. g4 Bg8 23. Qg3 Ne7 24. Nfxe7 Bxe7 25. Bh3 g5 26. Rd1 Bd6 27. Qf3 Nf4 28. Nxf4 exf4 29. d4 Qa5 30. Bb2 Bh7 31. Re1 Qxa2 32. Qd3 c4 33. Qc2 f3 34. Ra1 Qb3 35. Qxb3 cxb3 36. e5 fxe5 37. dxe5 Bc5 38. e6 Rbd8 39. c4+ Kg8 40. Rad1 Rxd1 41. Rxd1 Rxe6 42. Rd8+ Kf7 43. Bf1 gxh4 44. Rd5 b6 45. Bc3 Be4 46. Rd7+ Re7 47. Rd8 a5 0-1

[Event "2nd Serbian League-Vojvodina 2023"]
[Site "Novi Sad"]
[Date "2023.11.04"]
[Round "4.20"]
[White "Levitan, Caleb Levi"]
[Black "Alimpic, Aleksa"]
[Result "0-1"]
[ECO "B13"]
[WhiteElo "2219"]
[BlackElo "2290"]
[Annotator "ChessBase"]
[PlyCount "112"]
[EventDate "2023.10.22"]
[EventType "team-tourn"]
[EventCountry "SRB"]
[SourceTitle "playchess.com"]
[Source "ChessBase"]
[SourceQuality "1"]
[TimeControl "40/5400+30:1800+30"]

1. e4 c6 2. d4 d5 3. exd5 cxd5 4. Bd3 Nc6 5. c3 Nf6 6. Bf4 Bg4 7. Qb3 Qd7 8. Nd2 e6 9. Ngf3 Bd6 10. Bg3 Bxf3 11. Nxf3 O-O 12. O-O Bxg3 13. hxg3 Qc7 14. Rfe1 Rab8 15. Qc2 g6 16. a4 a6 17. Qe2 Rfe8 18. Rac1 Nd7 19. Qd2 Kg7 20. c4 dxc4 21. Bxc4 Nf6 22. Ne5 Qa5 23. Qxa5 Nxa5 24. Ba2 Nc6 25. Nxc6 bxc6 26. Re2 Rb4 27. Rc4 Reb8 28. b3 Rxc4 29. bxc4 Rb4 30. a5 Ra4 31. f3 Rxa5 32. Rb2 Ne8 33. c5 Rb5 34. Rd2 Rb4 35. Kf2 Nc7 36. Ke3 Nb5 37. g4 a5 38. f4 a4 39. f5 Kf6 40. Rf2 Ke7 41. fxe6 fxe6 42. Rd2 a3 43. g5 Rb2 44. Kd3 Rxd2+ 45. Kxd2 Nxd4 46. Kc3 e5 47. Bb1 Ne6 48. Kb4 e4 49. Kc4 Nxc5 50. Kd4 Kd6 51. Ba2 Nd3 52. Kc3 Nc1 53. Bc4 Kc5 54. Bg8 e3 55. Bxh7 e2 56. Kd2 a2 0-1

[Event "2nd Serbian League-Vojvodina 2023"]
[Site "Novi Sad"]
[Date "2023.11.04"]
[Round "4.21"]
[White "Pajcin, Lav"]
[Black "Ljepic, Andrej"]
[Result "0-1"]
[ECO "A44"]
[WhiteElo "2109"]
[BlackElo "2236"]
[Annotator "ChessBase"]
[PlyCount "182"]
[EventDate "2023.10.22"]
[EventType "team-tourn"]
[EventCountry "SRB"]
[SourceTitle "playchess.com"]
[Source "ChessBase"]
[SourceQuality "1"]
[TimeControl "40/5400+30:1800+30"]

1. d4 c5 2. d5 e5 3. e4 d6 4. Nc3 Nf6 5. g3 Be7 6. Bg2 O-O 7. h3 a6 8. a4 Ne8 9. Nf3 g6 10. Bh6 Ng7 11. O-O Nd7 12. Qc1 Rb8 13. a5 Nf6 14. Nd2 Nfh5 15. Nc4 f5 16. exf5 gxf5 17. Kh2 Qe8 18. Bg5 Qd8 19. Bxe7 Qxe7 20. f4 e4 21. Rg1 Nf6 22. Bf1 Bd7 23. Qd2 Kh8 24. Ne3 Rg8 25. g4 fxg4 26. hxg4 Rbf8 27. Qf2 Bc8 28. Be2 Nd7 29. g5 Ne5 30. Qg3 Ng6 31. Raf1 Nf5 32. Nxf5 Bxf5 33. Nd1 Qg7 34. c3 Ne7 35. Ne3 Qf7 36. Qh4 Bd7 37. Bh5 Qg7 38. Bg4 Bf5 39. Qh3 Qg6 40. Bxf5 Nxf5 41. Ng4 Rg7 42. Re1 Re7 43. Rg2 e3 44. Nxe3 Re4 45. Nc2 Rxf4 46. Re6 Qg7 47. Rg4 Rf2+ 48. Rg2 Ne7 49. Ne3 Qxg5 50. Qg3 Qxg3+ 51. Kxg3 R2f3+ 52. Kh2 Ng6 53. Rg3 Rf2+ 54. Rg2 R2f6 55. Rxf6 Rxf6 56. Nc4 Kg7 57. b4 cxb4 58. cxb4 Kf7 59. Rb2 Nf4 60. Nb6 Kg6 61. b5 Kf5 62. bxa6 bxa6 63. Rd2 Ke4 64. Rd1 Rh6+ 65. Kg3 Rg6+ 66. Kh2 Rg2+ 67. Kh1 Rc2 68. Rb1 Rc5 69. Rb4+ Kf3 70. Rb3+ Kg4 71. Nd7 Rxa5 72. Nf6+ Kf5 73. Nxh7 Rxd5 74. Rb6 a5 75. Ra6 Ke5 76. Ng5 Kf6 77. Ne4+ Ke6 78. Kg1 Nd3 79. Nc3 Rg5+ 80. Kf1 Nb4 81. Ra8 Re5 82. Ne2 Nc6 83. Kf2 Kd7 84. Nc3 Kc7 85. Kf3 Kb7 86. Rh8 Nd4+ 87. Kf2 Nb5 88. Rh7+ Kc6 89. Ne2 a4 90. Rh4 a3 91. Ra4 Rxe2+ 0-1

[Event "2nd Serbian League-Vojvodina 2023"]
[Site "Novi Sad"]
[Date "2023.11.04"]
[Round "4.22"]
[White "Dimitrijevic, Nenad"]
[Black "Gagic, Milan A"]
[Result "1/2-1/2"]
[ECO "D33"]
[WhiteElo "2196"]
[BlackElo "2164"]
[Annotator "ChessBase"]
[PlyCount "78"]
[EventDate "2023.10.22"]
[EventType "team-tourn"]
[EventCountry "SRB"]
[SourceTitle "playchess.com"]
[Source "ChessBase"]
[SourceQuality "1"]
[TimeControl "40/5400+30:1800+30"]

1. c4 e6 2. Nf3 d5 3. d4 Nf6 4. Nc3 c5 5. cxd5 exd5 6. g3 Nc6 7. Bg2 cxd4 8. Nxd4 Bc5 9. Nxc6 bxc6 10. O-O O-O 11. Na4 Bb6 12. Qc2 Bd7 13. Bd2 Re8 14. e3 Ne4 15. Rac1 Rc8 16. Nxb6 axb6 17. f3 Nxd2 18. Qxd2 Qg5 19. Rfe1 h5 20. Kf2 h4 21. Qd4 h3 22. Bf1 c5 23. Qf4 Qe7 24. e4 c4 25. Qe3 dxe4 26. Rxc4 Rxc4 27. Bxc4 Qb4 28. Qd4 Be6 29. Rxe4 Rc8 30. Rxe6 Rxc4 31. Re8+ Kh7 32. Qd3+ g6 33. Re2 Rc1 34. Qd5 Rh1 35. Qxf7+ Kh6 36. Ke3 Qc5+ 37. Ke4 Rd1 38. Qf4+ Kh7 39. Qf7+ Kh6 1/2-1/2

[Event "2nd Serbian League-Vojvodina 2023"]
[Site "Novi Sad"]
[Date "2023.11.04"]
[Round "4.23"]
[White "Pavkov, Nebojsa"]
[Black "Sokic, Dragomir"]
[Result "1/2-1/2"]
[ECO "D00"]
[WhiteElo "2199"]
[BlackElo "2095"]
[Annotator "ChessBase"]
[PlyCount "136"]
[EventDate "2023.10.22"]
[EventType "team-tourn"]
[EventCountry "SRB"]
[SourceTitle "playchess.com"]
[Source "ChessBase"]
[SourceQuality "1"]
[TimeControl "40/5400+30:1800+30"]

1. d4 d5 2. Nc3 c5 3. Bf4 Nf6 4. e3 e6 5. Nb5 Na6 6. h3 Qb6 7. a4 c4 8. b3 Ne4 9. c3 Qa5 10. Rc1 cxb3 11. Qxb3 Qd8 12. Bd3 Nd6 13. Nf3 Nc7 14. Nxc7+ Qxc7 15. O-O Qb6 16. Qc2 h6 17. Ne5 Be7 18. Rb1 Qd8 19. Rfc1 O-O 20. Qe2 Bg5 21. Bh2 Bf6 22. Nf3 Be7 23. Nd2 Bd7 24. Bc2 Bc6 25. f3 Qa5 26. Ra1 Rfc8 27. Nb3 Qd8 28. e4 dxe4 29. fxe4 Be8 30. Bd3 Rc6 31. c4 Bg5 32. Rcb1 b6 33. e5 Nf5 34. d5 Rcc8 35. Qe4 g6 36. g4 exd5 37. cxd5 Ne7 38. d6 Rc3 39. Nd4 Nc6 40. Nf3 Na5 41. Bb5 Nb3 42. Ra2 Rac8 43. Rf1 Nc5 44. Qd5 Bxb5 45. axb5 Qd7 46. Nxg5 hxg5 47. Raf2 Rf8 48. Kg2 Ne6 49. Rf6 Rc5 50. Qd3 Kg7 51. Qf3 Rxb5 52. Bg3 Rb2+ 53. Kh1 Rc2 54. Kg1 b5 55. h4 Qc6 56. Rxf7+ Rxf7 57. Qxf7+ Kh6 58. hxg5+ Nxg5 59. Qf8+ Kh7 60. Qe7+ Kh6 61. Qf8+ Kh7 62. Qe7+ Kh6 63. Qf8+ Kh7 64. Qe7+ Kh6 65. Qf8+ Kh7 66. Rf7+ Nxf7 67. Qxf7+ Kh8 68. Qf8+ Kh7 1/2-1/2